 Dungeon Crawl Stone Soup version 0.26-a0-771-g060e6a62af (webtiles) character file.

Game seed: 12363378911782211576

163 Queen the Skirmisher (level 5, 0/33 HPs)
             Began as a Gargoyle Fighter on Nov 8, 2020.
             Slain by a hound (4 damage)
             ... on level 3 of the Dungeon.
             The game lasted 00:03:52 (1927 turns).

Queen the Skirmisher (Gargoyle Fighter)             Turns: 1927, Time: 00:03:52

Health: 0/33       AC: 14    Str: 20    XL:     5   Next: 44%
Magic:  5/5        EV:  9    Int:  9    God:
Gold:   121        SH:  4    Dex:  9    Spells: 4/4 levels left

rFire    . . .     SeeInvis .   a - +0 flail
rCold    . . .     Faith    +   m - +0 buckler
rNeg     + . .     Spirit   .   b - +0 scale mail
rPois    ∞         Reflect  .   l - +2 hat
rElec    +         Harm     .   (no cloak)
rCorr    .         Rampage  .   e - +0 pair of gloves (curse)
MR       .....                  (no boots)
Stlth    ..........             o - amulet of faith
HPRegen  0.11/turn              (no ring)
MPRegen  0.09/turn              (no ring)

@: no status effects
A: negative energy resistance 1, electricity resistance, unbreathing,
petrification resistance, rot immunity, AC +4
a: no special abilities


You were on level 3 of the Dungeon.
You visited 1 branch of the dungeon, and saw 3 of its levels.

You collected 121 gold pieces.

Inventory:

Hand Weapons
 a - a +0 flail (weapon)
Armour
 b - a +0 scale mail (worn)
 e - a cursed +0 pair of gloves (worn)
 l - a +2 hat (worn)
 m - a +0 buckler (worn)
Jewellery
 o - an amulet of faith (around neck)
Scrolls
 h - 4 scrolls of amnesia {unknown}
 i - 2 scrolls of identify {unknown}
 k - a scroll of remove curse {unknown}
Potions
 d - 2 potions of might
 f - 2 potions of lignification {unknown}
 g - a potion of cancellation {unknown}
 j - a potion of heal wounds {unknown}
 n - a potion of flight {unknown}


   Skills:
 + Level 4.3 Fighting
 * Level 4.0 Maces & Flails
 + Level 4.2 Armour
 * Level 3.4 Shields


You had 4 spell levels left.
You didn't know any spells.
Your spell library was empty.

Dungeon Overview and Level Annotations

Branches:
Dungeon (3/15)

Altars:
Makhleb


Innate Abilities, Weirdness & Mutations

You are resistant to torment.
Your stone body is resilient. (AC +4)
You are immune to poison.
You resist negative energy. (rN+)
You are resistant to electric shocks. (rElec)
You can survive without breathing.
You are immune to petrification.
You are immune to rotting.


Message History

Okay, then.
Okay, then.
As you read the scroll labeled RIASTE NACOS, it crumbles to dust.
You feel strangely unstable.
It was a scroll of teleportation.
The orc warrior hits you with a +0 flail.
* * * LOW HITPOINT WARNING * * *
Your surroundings suddenly seem different.
A hound comes into view.
Found a human corpse.
Found a burning altar of Makhleb.
Press: ? - help, v - describe, . - travel The floor.
You barely miss the hound. The hound bites you but does no damage.
The hound closely misses you.
You closely miss the hound. The hound bites you but does no damage.
You hit the hound but do no damage. The hound closely misses you. x2
You closely miss the hound. The hound closely misses you.
The hound barely misses you.
You hit the hound but do no damage. The hound bites you but does no damage.
The hound bites you.
You die...

#....o##
#.... #
### #...
#..# ###
∩_..##
†...##
#..##
##h.#
#.@##
#...##
#....#
#....#
.....
#... ##.
##


You could see a hound.

Vanquished Creatures
  A sky beast (D:2)
  An adder (D:2)
  2 oozes (D:1)
  A worm (D:2)
  3 leopard geckos
  8 bats
  4 giant cockroaches
  A hobgoblin (D:1)
  4 jackals (D:3)
  A quokka (D:2)
  A ball python (D:2)
  5 frilled lizards
  5 goblins
  7 kobolds
  4 rats
48 creatures vanquished.

Notes
Turn   | Place    | Note
-------+----------+-------------------------------------------
     0 | D:1      | Queen the Gargoyle Fighter began the quest for the Orb.
     0 | D:1      | Reached XP level 1. HP: 14/14 MP: 1/1
    39 | D:1      | Reached XP level 2. HP: 18/19 MP: 2/2
   604 | D:1      | Reached XP level 3. HP: 19/24 MP: 3/3
  1219 | D:2      | Noticed a sky beast
  1249 | D:2      | Killed a sky beast
  1249 | D:2      | Reached XP level 4. HP: 16/29 MP: 4/4
  1249 | D:2      | Reached XP level 5. HP: 18/33 MP: 5/5
  1910 | D:3      | Noticed an orc warrior
  1921 | D:3      | Found a burning altar of Makhleb.
  1927 | D:3      | Slain by a hound

Illustrated notes

Levels and vault maps discovered:
D:1:      psy_arrival_conway, layout_basic
D:2:      layout_basic, grunt_decor_arrowhead
D:3:      layout_rooms, makhleb_blood_cavern_becter,
          amethyst_overflow_temple_binary, hangedman_ru_absence

Skill      XL: |  1  2  3 |
---------------+----------+-----
Maces & Flails | 4 |  4.0
Fighting       | 4 |  4.3
Armour         | 4 |  4.2
Shields        | |  3.4

Action                   |  1- 3 |  4- 6 || total
-------------------------+-------+-------++-------
Melee: Flail             |   156 |    49 ||   205
  Use: Scroll            |       |     1 ||     1
Armor: Scale mail        |    95 |    25 ||   120
Dodge: Dodged            |    52 |    30 ||    82
Block: Kite shield       |    91 |       ||    91
       Buckler           |       |    10 ||    10

Table legend: (Time is in decaauts)
 A = Elapsed time spent in this place.
 B = Non-inter-level travel time spent in this place.
 C = Inter-level travel time spent in this place.
 D = Time resting spent in this place.
 E = Time spent auto-exploring this place.
 F = Levels seen in this place.
 G = Mean time per level.
                   A        B        C        D        E       F      G
               +--------+--------+--------+--------+--------+-----+--------+
         Total |   1992 |   1947 |     45 |    172 |   1300 |   3 |  664.0 |
       Dungeon |   1992 |   1947 |     45 |    172 |   1300 |   3 |  664.0 |
               +--------+--------+--------+--------+--------+-----+--------+

Top non-repeatable levels by time:
     D:2: 995 daAuts
     D:1: 916 daAuts
     D:3: 81 daAuts
